BSA
SEATTLE PIKES @ CHICAGO MACHINE
05/21/2027
 
TOP OF THE 1ST
Seattle Pikes batting - Pitching for Chicago Machine : LHP Li-xue Si-ma
Pitching: LHP Li-xue Si-ma
Batting: RHB Randy Sheppard 0-0: Ball
1-0: Called Strike
1-1: Swinging Strike
1-2: Ball
2-2: SINGLE (Line Drive, 78M)
Batting: RHB António Ortega 0-0: Ball
1-0: Ball
2-0: Ball
3-0: Fly out, F4 (Line Drive, 4)
Batting: RHB Wallace Greene 0-0: Foul Ball, location: 2F
0-1: Grounds into double play, 5-4-3 (Groundball, 56)
Top of the 1st over - 0 run(s), 1 hit(s), 0 error(s), 0 left on base; Seattle 0 - Chicago 0
BOTTOM OF THE 1ST
Chicago Machine batting - Pitching for Seattle Pikes : LHP Albert Lebel
Pitching: LHP Albert Lebel
Batting: RHB Matt Doyle 0-0: Ball
1-0: Ball
2-0: Ball
3-0: Called Strike
3-1: Base on Balls
Batting: SHB Edward Bartlett 0-0: Ball
1-0: Ball
2-0: Called Strike
2-1: SINGLE (Groundball, 56D)
Matt Doyle to second
Batting: RHB Doug Stephens 0-0: Called Strike
0-1: Called Strike
0-2: Ball
1-2: Ground out 5-3 (Groundball, 56S)
Matt Doyle to third
Edward Bartlett to second
Batting: SHB José Alomar 0-0: Foul Ball, location: 2F
0-1: Called Strike
0-2: Strikes out swinging
Batting: LHB Kiyonaga Morita 0-0: Ball
1-0: Foul Ball, location: 2F
1-1: Foul Ball, location: 2F
1-2: Foul Ball, location: 2F
1-2: Ball
2-2: Strikes out swinging
Bottom of the 1st over - 0 run(s), 1 hit(s), 0 error(s), 2 left on base; Seattle 0 - Chicago 0
TOP OF THE 2ND
Seattle Pikes batting - Pitching for Chicago Machine : LHP Li-xue Si-ma
Batting: LHB Richard Hunter 0-0: Ball
1-0: Ball
2-0: Called Strike
2-1: Called Strike
2-2: Foul Ball, location: 2F
2-2: SINGLE (Groundball, 34D)
Batting: RHB Manuel Rico 0-0: Foul Ball, location: 2F
0-1: Foul Ball, location: 2F
0-2: Strikes out swinging
Batting: RHB Pete Rideout 0-0: Called Strike
0-1: Swinging Strike
0-2: Grounds into double play, 5-4-3 (Groundball, 56)
Top of the 2nd over - 0 run(s), 1 hit(s), 0 error(s), 0 left on base; Seattle 0 - Chicago 0
BOTTOM OF THE 2ND
Chicago Machine batting - Pitching for Seattle Pikes : LHP Albert Lebel
Batting: RHB Lorenzo Guzmán 0-0: Ball
1-0: Foul Ball, location: 2F
1-1: Called Strike
1-2: Ground out 6-3 (Groundball, 6)
Batting: SHB Lee Townsend 0-0: Ball
1-0: Ball
2-0: Called Strike
2-1: Foul Ball, location: 2F
2-2: Strikes out swinging
Batting: SHB Jesús Ramírez 0-0: Ball
1-0: Ball
2-0: Ball
3-0: Called Strike
3-1: Fly out, F8 (Line Drive, 89XD)
Bottom of the 2nd over - 0 run(s), 0 hit(s), 0 error(s), 0 left on base; Seattle 0 - Chicago 0
TOP OF THE 3RD
Seattle Pikes batting - Pitching for Chicago Machine : LHP Li-xue Si-ma
Batting: RHB Eugene Gill 0-0: Ball
1-0: Fly out, F8 (Flyball, 8RM)
Batting: SHB António Hernández 0-0: Foul Ball, location: 2F
0-1: Ball
1-1: Foul Ball, location: 2F
1-2: Ball
2-2: Foul Ball, location: 2F
2-2: Ball
3-2: Ground out 4-3 (Groundball, 4)
Batting: RHB Iván Gonzáles 0-0: Ball
1-0: Ground out 6-3 (Groundball, 6)
Top of the 3rd over - 0 run(s), 0 hit(s), 0 error(s), 0 left on base; Seattle 0 - Chicago 0
BOTTOM OF THE 3RD
Chicago Machine batting - Pitching for Seattle Pikes : LHP Albert Lebel
Batting: SHB Joaquín López 0-0: Reached via error on a dropped throw, E3
Batting: RHB Matt Doyle 0-0: Ball
1-0: Ball
2-0: Ball
3-0: Base on Balls
Joaquín López to second
Batting: SHB Edward Bartlett 0-0: Ball
1-0: Called Strike
1-1: Ball
2-1: Grounds into double play, 3-6-3 (Groundball, 34)
Joaquín López to third
Batting: RHB Doug Stephens 0-0: Called Strike
0-1: Ball
1-1: Swinging Strike
1-2: Strikes out swinging
Bottom of the 3rd over - 0 run(s), 0 hit(s), 1 error(s), 1 left on base; Seattle 0 - Chicago 0
TOP OF THE 4TH
Seattle Pikes batting - Pitching for Chicago Machine : LHP Li-xue Si-ma
Batting: RHB Randy Sheppard 0-0: Called Strike
0-1: Ball
1-1: Ball
2-1: Fly out, F8 (Flyball, 8RS)
Batting: RHB António Ortega 0-0: Ball
1-0: Swinging Strike
1-1: Ball
2-1: Ball
3-1: Base on Balls
Batting: RHB Wallace Greene 0-0: Called Strike
0-1: Foul Ball, location: 2F
0-2: SINGLE (Flyball, 78S)
António Ortega to second
Batting: LHB Richard Hunter 0-0: Called Strike
0-1: Swinging Strike
0-2: Ball
1-2: Ball
2-2: Foul Ball, location: 2F
2-2: Strikes out swinging
Batting: RHB Manuel Rico 0-0: Foul Ball, location: 2F
0-1: Ball
1-1: Fielders Choice at 2nd, 5-4 (Groundball, 56)
Top of the 4th over - 0 run(s), 1 hit(s), 0 error(s), 1 left on base; Seattle 0 - Chicago 0
BOTTOM OF THE 4TH
Chicago Machine batting - Pitching for Seattle Pikes : LHP Albert Lebel
Batting: SHB José Alomar 0-0: Ball
1-0: Ground out 6-3 (Groundball, 6)
Batting: LHB Kiyonaga Morita 0-0: Called Strike
0-1: Foul Ball, location: 2F
0-2: Foul Ball, location: 2F
0-2: Foul Ball, location: 2F
0-2: Foul Ball, location: 2F
0-2: Foul Ball, location: 2F
0-2: Strikes out swinging
Batting: RHB Lorenzo Guzmán 0-0: Called Strike
0-1: Ball
1-1: Ball
2-1: SINGLE (Line Drive, 89S)
Batting: SHB Lee Townsend 0-0: Called Strike
0-1: Foul Ball, location: 2F
0-2: Foul Ball, location: 2F
0-2: SINGLE (Line Drive, 7LM)
Lorenzo Guzmán to second
Batting: SHB Jesús Ramírez 0-0: Foul Ball, location: 2F
0-1: Swinging Strike
0-2: Strikes out swinging
Bottom of the 4th over - 0 run(s), 2 hit(s), 0 error(s), 2 left on base; Seattle 0 - Chicago 0
TOP OF THE 5TH
Seattle Pikes batting - Pitching for Chicago Machine : LHP Li-xue Si-ma
Batting: RHB Pete Rideout 0-0: Ball
1-0: Called Strike
1-1: Ball
2-1: Fly out, F8 (Line Drive, 8RM)
Batting: RHB Eugene Gill 0-0: Ball
1-0: Ball
2-0: Called Strike
2-1: Ball
3-1: Foul Ball, location: 2F
3-2: Strikes out swinging
Batting: SHB António Hernández 0-0: Ball
1-0: Ball
2-0: Called Strike
2-1: Fly out, F7 (Flyball, 78S)
Top of the 5th over - 0 run(s), 0 hit(s), 0 error(s), 0 left on base; Seattle 0 - Chicago 0
BOTTOM OF THE 5TH
Chicago Machine batting - Pitching for Seattle Pikes : LHP Albert Lebel
Batting: SHB Joaquín López 0-0: Ball
1-0: Ball
2-0: Ball
3-0: Called Strike
3-1: Foul Ball, location: 2F
3-2: Strikes out swinging
Batting: RHB Matt Doyle 0-0: Called Strike
0-1: Swinging Strike
0-2: Ball
1-2: Strikes out looking
Batting: SHB Edward Bartlett 0-0: Ground out 6-3 (Groundball, 6)
Bottom of the 5th over - 0 run(s), 0 hit(s), 0 error(s), 0 left on base; Seattle 0 - Chicago 0
TOP OF THE 6TH
Seattle Pikes batting - Pitching for Chicago Machine : LHP Li-xue Si-ma
Batting: RHB Iván Gonzáles 0-0: Ball
1-0: Ball
2-0: Called Strike
2-1: Swinging Strike
2-2: Strikes out swinging
Batting: RHB Randy Sheppard 0-0: Called Strike
0-1: Ball
1-1: Ball
2-1: Called Strike
2-2: Ball
3-2: Base on Balls
Batting: RHB António Ortega 0-0: Called Strike
Randy Sheppard is caught stealing 2nd base
0-1: Ball
1-1: Fly out, F4 (Line Drive, 4M)
Top of the 6th over - 0 run(s), 0 hit(s), 0 error(s), 0 left on base; Seattle 0 - Chicago 0
BOTTOM OF THE 6TH
Chicago Machine batting - Pitching for Seattle Pikes : LHP Albert Lebel
Batting: RHB Doug Stephens 0-0: Called Strike
0-1: Ball
1-1: Ball
2-1: Swinging Strike
2-2: Strikes out swinging
Batting: SHB José Alomar 0-0: Ball
1-0: Foul Ball, location: 2F
1-1: Foul Ball, location: 2F
1-2: Ball
2-2: DOUBLE (Groundball, 5L)
Batting: LHB Kiyonaga Morita 0-0: Ball
Passed Ball!
José Alomar to third
1-0: Fly out, F7 (Flyball, 7LDF)
Runner from 3rd tags up, SCORES, no throw
Batting: RHB Lorenzo Guzmán 0-0: SINGLE (Groundball, 4MD)
Pitching: RHP Orlando Ojeda
Batting: SHB Lee Townsend 0-0: Ball
1-0: Called Strike
1-1: Ball
2-1: Ball
3-1: Swinging Strike
3-2: Fly out, F8 (Flyball, 8RM)
Bottom of the 6th over - 1 run(s), 2 hit(s), 0 error(s), 1 left on base; Seattle 0 - Chicago 1
TOP OF THE 7TH
Seattle Pikes batting - Pitching for Chicago Machine : LHP Li-xue Si-ma
Batting: RHB Wallace Greene 0-0: Ball
1-0: Swinging Strike
1-1: Ball
2-1: Ground out 5-3 (Groundball, 56)
Batting: LHB Richard Hunter 0-0: Foul Ball, location: 2F
0-1: Ball
1-1: Called Strike
1-2: Fly out, F8 (Flyball, 8LS)
Batting: RHB Manuel Rico 0-0: Ball
1-0: Swinging Strike
1-1: DOUBLE (Line Drive, 78D)
Batting: RHB Pete Rideout 0-0: Called Strike
0-1: Fly out, F6 (Popup, 6D)
Top of the 7th over - 0 run(s), 1 hit(s), 0 error(s), 1 left on base; Seattle 0 - Chicago 1
BOTTOM OF THE 7TH
Chicago Machine batting - Pitching for Seattle Pikes : RHP Orlando Ojeda
Batting: SHB Jesús Ramírez 0-0: Ball
1-0: Called Strike
1-1: Foul Ball, location: 2F
1-2: Fly out, F9 (Line Drive, 9D)
Batting: SHB Joaquín López 0-0: Foul Ball, location: 2F
0-1: Ball
1-1: Swinging Strike
1-2: Strikes out looking
Batting: RHB Matt Doyle 0-0: Ball
1-0: Foul Ball, location: 2F
1-1: Called Strike
1-2: Foul Ball, location: 2F
1-2: Strikes out looking
Bottom of the 7th over - 0 run(s), 0 hit(s), 0 error(s), 0 left on base; Seattle 0 - Chicago 1
TOP OF THE 8TH
Seattle Pikes batting - Pitching for Chicago Machine : LHP Li-xue Si-ma
Batting: RHB Eugene Gill 0-0: Ball
1-0: Swinging Strike
1-1: TRIPLE (Line Drive, 89M)
Batting: SHB António Hernández 0-0: Ball
1-0: Ball
2-0: Ball
3-0: Called Strike
3-1: Base on Balls
Batting: RHB Iván Gonzáles 0-0: Ball
1-0: Called Strike
1-1: Fly out, F8 (Flyball, 89D)
Runner from 3rd tags up, SCORES, no throw
Pitching: RHP Raúl Ruíz
Batting: RHB Randy Sheppard 0-0: Swinging Strike
0-1: Swinging Strike
0-2: Ball
António Hernández is caught stealing 2nd base
1-2: Foul Ball, location: 2F
1-2: Ball
2-2: Strikes out swinging
Top of the 8th over - 1 run(s), 1 hit(s), 0 error(s), 0 left on base; Seattle 1 - Chicago 1
BOTTOM OF THE 8TH
Chicago Machine batting - Pitching for Seattle Pikes : RHP Orlando Ojeda
Batting: SHB Edward Bartlett 0-0: Called Strike
0-1: Called Strike
0-2: Ball
1-2: Fly out, F9 (Flyball, 9S)
Batting: RHB Doug Stephens 0-0: Fly out, F9 (Flyball, 89S)
Batting: SHB José Alomar 0-0: Called Strike
0-1: Ball
1-1: Foul Ball, location: 2F
1-2: Ball
2-2: Foul Ball, location: 2F
2-2: SINGLE (Flyball, 8RS)
Batting: LHB Kiyonaga Morita 0-0: Ball
José Alomar steals 2nd base
1-0: Foul Ball, location: 2F
1-1: Ball
2-1: Fly out, F6 (Line Drive, 6)
Bottom of the 8th over - 0 run(s), 1 hit(s), 0 error(s), 1 left on base; Seattle 1 - Chicago 1
TOP OF THE 9TH
Seattle Pikes batting - Pitching for Chicago Machine : RHP Raúl Ruíz
Pitching: RHP Víctor Reyes
Batting: RHB António Ortega 0-0: Called Strike
0-1: Ground out 5-3 (Groundball, 5)
Batting: RHB Wallace Greene 0-0: Called Strike
0-1: Foul Ball, location: 2F
0-2: Foul Ball, location: 2F
0-2: Ball
1-2: Hit by Pitch
Batting: LHB Richard Hunter 0-0: Ball
Wallace Greene is caught stealing 2nd base
1-0: Called Strike
1-1: Foul Ball, location: 2F
1-2: Ball
2-2: Ball
3-2: Foul Ball, location: 2F
3-2: Strikes out looking
Top of the 9th over - 0 run(s), 0 hit(s), 0 error(s), 0 left on base; Seattle 1 - Chicago 1
BOTTOM OF THE 9TH
Chicago Machine batting - Pitching for Seattle Pikes : RHP Orlando Ojeda
Batting: RHB Lorenzo Guzmán 0-0: Ball
1-0: Called Strike
1-1: Foul Ball, location: 2F
1-2: Fly out, F8 (Flyball, 8RD)
Pitching: LHP Manny Sandoval
Pinch Hitting: RHB Roberto Cardona 0-0: Ball
1-0: Ground out 4-3 (Groundball, 4)
Batting: SHB Jesús Ramírez 0-0: Fly out, F8 (Flyball, 78XD)
Bottom of the 9th over - 0 run(s), 0 hit(s), 0 error(s), 0 left on base; Seattle 1 - Chicago 1
TOP OF THE 10TH
Seattle Pikes batting - Pitching for Chicago Machine : RHP Víctor Reyes
Now in LF: Roberto Cardona
Batting: RHB Manuel Rico 0-0: Foul Ball, location: 2F
0-1: Called Strike
0-2: Strikes out swinging
Batting: RHB Pete Rideout 0-0: Ball
1-0: Foul Ball, location: 2F
1-1: Ball
2-1: Ground out 6-3 (Groundball, 6)
Batting: RHB Eugene Gill 0-0: Fly out, F6 (Line Drive, 6)
Top of the 10th over - 0 run(s), 0 hit(s), 0 error(s), 0 left on base; Seattle 1 - Chicago 1
BOTTOM OF THE 10TH
Chicago Machine batting - Pitching for Seattle Pikes : LHP Manny Sandoval
Batting: SHB Joaquín López 0-0: Ball
1-0: Foul Ball, location: 2F
1-1: Fly out, F6 (Popup, 6MD)
Batting: RHB Matt Doyle 0-0: Called Strike
0-1: Ball
1-1: Ball
2-1: Foul Ball, location: 2F
2-2: Foul Ball, location: 2F
2-2: SINGLE (Flyball, 9LS)
Batting: SHB Edward Bartlett 0-0: Fly out, F8 (Line Drive, 8RM)
Batting: RHB Doug Stephens 0-0: Fielders Choice at 2nd, 5-4 (Groundball, 56)
Bottom of the 10th over - 0 run(s), 1 hit(s), 0 error(s), 0 left on base; Seattle 1 - Chicago 1
TOP OF THE 11TH
Seattle Pikes batting - Pitching for Chicago Machine : RHP Víctor Reyes
Pitching: LHP John Lane
Batting: SHB António Hernández 0-0: Ball
1-0: Foul Ball, location: 2F
1-1: Fly out, F8 (Flyball, 8LM)
Batting: RHB Iván Gonzáles 0-0: Ground out 4-3 (Groundball, 4)
Batting: RHB Randy Sheppard 0-0: Called Strike
0-1: Swinging Strike
0-2: Ball
1-2: Fly out, F7 (Flyball, 78M)
Top of the 11th over - 0 run(s), 0 hit(s), 0 error(s), 0 left on base; Seattle 1 - Chicago 1
BOTTOM OF THE 11TH
Chicago Machine batting - Pitching for Seattle Pikes : LHP Manny Sandoval
Batting: SHB José Alomar 0-0: Ground out 1-3 (Groundball, 13S)
Batting: LHB Kiyonaga Morita 0-0: Ball
1-0: Fly out, F6 (Line Drive, 6)
Batting: RHB Lorenzo Guzmán 0-0: Ball
1-0: Called Strike
1-1: Called Strike
1-2: Ball
2-2: Foul Ball, location: 2F
2-2: Ball
3-2: Foul Ball, location: 2F
3-2: Fly out, F3 (Popup, 34)
Bottom of the 11th over - 0 run(s), 0 hit(s), 0 error(s), 0 left on base; Seattle 1 - Chicago 1
TOP OF THE 12TH
Seattle Pikes batting - Pitching for Chicago Machine : LHP John Lane
Batting: RHB António Ortega 0-0: Ground out 5-3 (Groundball, 56)
Batting: RHB Wallace Greene 0-0: Fly out, F9 (Line Drive, 9LM)
Batting: LHB Richard Hunter 0-0: Fly out, F8 (Flyball, 8LD)
Top of the 12th over - 0 run(s), 0 hit(s), 0 error(s), 0 left on base; Seattle 1 - Chicago 1
BOTTOM OF THE 12TH
Chicago Machine batting - Pitching for Seattle Pikes : LHP Manny Sandoval
Batting: RHB Roberto Cardona 0-0: Called Strike
0-1: Ball
1-1: DOUBLE (Flyball, 9LM)
Batting: SHB Jesús Ramírez 0-0: Bunted foul
0-1: Sac Bunt - play at first, batter OUT! 3-4
Roberto Cardona to third
Batting: SHB Joaquín López 0-0: Intentional Walk
Batting: RHB Matt Doyle 0-0: Ball
1-0: Ball
Passed Ball!
Roberto Cardona scores
Thursday, March 30th, 2017 - OOTP Baseball 17.12 Build 75